 Dungeon Crawl Stone Soup version 0.22.0-32-gbc6daba (webtiles) character file.

64 Lew the Skirmisher (level 4, -3/41 HPs)
             Began as a Gnoll Abyssal Knight on Aug 23, 2018.
             Was a Follower of Lugonu.
             Slain by a gnoll
             ... wielding a +0 spear
              (7 damage)
             ... on level 3 of the Dungeon.
             The game lasted 00:03:45 (1876 turns).

Lew the Skirmisher (Gnoll Abyssal Knight)           Turns: 1876, Time: 00:03:45

Health: -3/41      AC:  3    Str: 15    XL:     4   Next: 12%
Magic:  0/7        EV: 12    Int: 18    God:    Lugonu [*.....]
Gold:   94         SH:  0    Dex: 14    Spells: 5/5 levels left

rFire    . . .     SeeInvis .   a - +1 hand axe
rCold    + . .     Gourm    .   (no shield)
rNeg     . . .     Faith    .   e - +0 ring mail
rPois    .         Spirit   +   (no helmet)
rElec    .         Reflect  .   (no cloak)
rCorr    .         Harm     .   (no gloves)
MR       .....                  (no boots)
Stlth    ++........             l - amulet of guardian spirit
HPRegen  0.53/turn              j - +3 ring of intelligence
MPRegen  0.10/turn              b - ring of stealth

@: lethally poisoned (-3 -> -3)
A: distributed training, fangs 1, cold resistance 1, deformed body,
deterioration 1, regeneration 1, strong nose
a: Depart the Abyss, Renounce Religion


You were on level 3 of the Dungeon.
You worshipped Lugonu.
Lugonu was aware of your devotion.
You were very hungry.

You visited 1 branch of the dungeon, and saw 3 of its levels.
You visited the Abyss 1 time.

You collected 94 gold pieces.

Inventory:

Hand Weapons
 a - a +1 hand axe (weapon)
Armour
 e - a +0 ring mail (worn)
Jewellery
 b - a ring of stealth (right hand)
 j - a +3 ring of intelligence (left hand)
 l - an amulet of guardian spirit (around neck)
Scrolls
 d - a scroll of enchant armour
 f - 4 scrolls of identify
Potions
 g - a potion of curing
 h - a potion of cancellation
Comestibles
 c - 5 rations


   Skills:
 + Level 6.5 Fighting
 + Level 1.0 Short Blades
 + Level 1.0 Long Blades
 + Level 4.6 Axes
 + Level 1.0 Maces & Flails
 + Level 1.0 Polearms
 + Level 1.0 Staves
 + Level 1.0 Slings
 + Level 1.0 Bows
 + Level 1.0 Crossbows
 + Level 1.0 Throwing
 + Level 4.6 Armour
 + Level 2.7 Dodging
 + Level 1.0 Stealth
 + Level 1.0 Shields
 + Level 1.0 Unarmed Combat
 + Level 1.0 Spellcasting
 + Level 0.7 Conjurations
 + Level 0.7 Hexes
 + Level 0.7 Charms
 + Level 0.7 Summonings
 + Level 0.7 Necromancy
 + Level 0.7 Translocations
 + Level 0.7 Transmutations
 + Level 0.7 Fire Magic
 + Level 0.7 Ice Magic
 + Level 0.7 Air Magic
 + Level 0.7 Earth Magic
 + Level 0.7 Poison Magic
 + Level 4.6 Invocations
 + Level 1.0 Evocations


You had 5 spell levels left.
You didn't know any spells.
Your spell library was empty.

Dungeon Overview and Level Annotations

Branches:
Dungeon (3/15)

Altars:
Cheibriados
Makhleb


Innate Abilities, Weirdness & Mutations

Your experience applies equally to all skills.
You have very sharp teeth.
Your uncanny sense of smell can sniff out nearby items.
Your flesh is cold resistant. (rC+)
Armour fits poorly on your strangely shaped body.
Your body sometimes deteriorates upon taking damage.
Your natural rate of healing is unusually fast.


Message History

Lugonu accepts your kill.
You feel your strength returning.
You feel sick.
You hear a shout!
The bat closely misses you. x2; The gnoll misses you.
You hear a shout!
You miss the bat. The bat barely misses you.
The gnoll hits you from afar with a spear.
* * * LOW HITPOINT WARNING * * *
You slash the bat!
You kill the bat!
Lugonu accepts your kill.
The gnoll hits you from afar with a spear.
* * * LOW HITPOINT WARNING * * *
You barely miss the gnoll. The gnoll barely misses you. x2
You hit the gnoll.
The gnoll is moderately wounded.
You feel sick.
The gnoll hits you from afar with a spear!
You die...

#.###############
#.# . #.# ∆ ..
#.# #. #.# .. #.#
#. #.# ##.)###.#
#...gg@.#
......g####
...##.. . ##. ..
.. ... ...


You could see 2 gnolls and a goblin.

Vanquished Creatures
  2 adders
  2 worms
  A dart slug (D:2)
  A leopard gecko (D:1)
  6 bats
  A giant cockroach (D:2)
  4 hobgoblins
  3 jackals (D:1)
  A quokka (D:2)
  2 ball pythons
  2 frilled lizards
  3 goblins
  3 kobolds
  6 rats (D:1)
37 creatures vanquished.

Notes
Turn   | Place    | Note
-------+----------+-------------------------------------------
     0 | Abyss:1  | Lew the Gnoll Abyssal Knight began the quest for the Orb.
     0 | Abyss:1  | Reached XP level 1. HP: 23/23 MP: 3/3
    82 | Abyss:1  | Found a corrupted altar of Lugonu.
   142 | Abyss:1  | Noticed a ynoxinul
   163 | Abyss:1  | Noticed a starcursed mass
   168 | D:1      | Escaped the Abyss
   169 | D:1      | Gained mutation: Armour fits poorly on your strangely shaped body. [potion of mutation]
   169 | D:1      | Gained mutation: Your natural rate of healing is unusually fast. [potion of mutation]
   169 | D:1      | Gained mutation: Your body sometimes deteriorates upon taking damage. [potion of mutation]
   169 | D:1      | Gained mutation: Your flesh is cold resistant. (rC+) [potion of mutation]
   441 | D:1      | Reached XP level 2. HP: 22/29 MP: 5/5
   683 | D:1      | Reached * piety under Lugonu
  1132 | D:2      | Reached XP level 3. HP: 32/35 MP: 6/6
  1436 | D:2      | Found a snail-covered altar of Cheibriados.
  1476 | D:2      | Found a burning altar of Makhleb.
  1865 | D:3      | Reached skill level 1 in Short Blades
  1865 | D:3      | Reached skill level 1 in Long Blades
  1865 | D:3      | Reached skill level 1 in Maces & Flails
  1865 | D:3      | Reached skill level 1 in Polearms
  1865 | D:3      | Reached skill level 1 in Staves
  1865 | D:3      | Reached skill level 1 in Slings
  1865 | D:3      | Reached skill level 1 in Bows
  1865 | D:3      | Reached skill level 1 in Crossbows
  1865 | D:3      | Reached skill level 1 in Throwing
  1865 | D:3      | Reached skill level 1 in Stealth
  1865 | D:3      | Reached skill level 1 in Shields
  1865 | D:3      | Reached skill level 1 in Unarmed Combat
  1865 | D:3      | Reached skill level 1 in Spellcasting
  1865 | D:3      | Reached skill level 1 in Evocations
  1865 | D:3      | Reached XP level 4. HP: 37/41 MP: 4/7
  1876 | D:3      | Slain by a gnoll

Skill      XL: |  1  2  3 |
---------------+----------+-----
Short Blades   | 1 |  1.0
Long Blades    | 1 |  1.0
Maces & Flails | 1 |  1.0
Polearms       | 1 |  1.0
Staves         | 1 |  1.0
Slings         | 1 |  1.0
Bows           | 1 |  1.0
Crossbows      | 1 |  1.0
Throwing       | 1 |  1.0
Stealth        | 1 |  1.0
Shields        | 1 |  1.0
Unarmed Combat | 1 |  1.0
Spellcasting   | 1 |  1.0
Evocations     | 1 |  1.0
Fighting       | |  6.5
Axes           | |  4.6
Armour         | |  4.6
Dodging        | |  2.7
Conjurations   | |  0.7
Hexes          | |  0.7
Charms         | |  0.7
Summonings     | |  0.7
Necromancy     | |  0.7
Translocations | |  0.7
Transmutations | |  0.7
Fire Magic     | |  0.7
Ice Magic      | |  0.7
Air Magic      | |  0.7
Earth Magic    | |  0.7
Poison Magic   | |  0.7
Invocations    | |  4.6

Action                   |  1- 3 |  4- 6 || total
-------------------------+-------+-------++-------
Melee: Hand axe          |   115 |     8 ||   123
       Bite              |     8 |     2 ||    10
Invok: Depart the Abyss  |     1 |       ||     1
  Use: Potion            |     1 |       ||     1
       Scroll            |    10 |       ||    10
  Eat: Chunk             |     2 |       ||     2
Armor: Leather armour    |    14 |       ||    14
       Ring mail         |     5 |     1 ||     6
Dodge: Dodged            |    90 |     7 ||    97
